Map: 로맨티사이드 - 래더

Players

Eta

  • Race: Zerg Zerg
  • Spawn Location: 11:00

아르타니스 - Winner!

  • Race: Protoss Protoss
  • League: Platinum
  • Spawn Location: 5:00

VOD

Have the link to the VOD?

Description

I almost did fail to rush for Consul and Zealots 6 gates because of underground tunnel

Time

  • Played on: Jan. 28, 2021, 6:41 a.m.
  • Length: 7:37
Show
View Real Time Build Order
Export as new Build Order

Eta Zerg 

Build Orders: Hatch First, Roach Nydus 

Get SALT Encoding   

  12  0:00  Drone  
  13  0:10  Drone  
  14  0:17  Overlord  
  14  0:35  Drone x3  
  17  1:02  Hatchery  
  16  1:07  Spawning Pool  
  16  1:09  Extractor  
  14  1:12  Drone  
  14  1:16  Drone  
  16  1:24  Drone  
  17  1:26  Drone  
  18  1:35  Drone  
  19  1:45  Drone  
  20  1:54  Queen  
  20  1:57  Overlord  
  22  2:14  Queen  
  22  2:15  Zergling x2  
  25  2:17  Drone, Zergling x2  
  25  2:19  Metabolic Boost  
  27  2:29  Drone x2  
  29  2:35  Queen  
  29  2:37  Overlord  
  31  2:51  Hatchery  
  30  2:59  Queen  
  32  3:06  Drone  
  32  3:07  Drone  
  32  3:09  Drone  
  32  3:11  Drone  
  36  3:15  Drone  
  36  3:17  Drone  
  38  3:23  Overlord  
  38  3:30  Drone x3  
  41  3:41  Lair  
  41  3:47  Roach Warren  
  40  3:51  Drone x3  
  40  3:54  Drone x2  
  45  3:58  Extractor  
  45  3:59  Extractor  
  44  4:02  Drone  
  44  4:03  Drone x2  
  46  4:10  Drone x2  
  46  4:11  Drone  
  46  4:14  Drone  
  50  4:17  Drone, Extractor  
  50  4:20  Queen  
  50  4:23  Overlord  
  52  4:27  Drone x2  
  54  4:37  Roach x2  
  58  4:38  Overlord  
  58  4:55  Roach, Nydus Network  
  58  4:56  Roach x3  
  58  4:59  Roach x3  
  71  5:02  Overlord  
  71  5:17  Roach  
  71  5:18  Overlord  
  71  5:20  Overlord  
  73  5:22  Queen  
  73  5:27  Queen  
  77  5:29  Roach x2  
  81  5:37  Nydus Canal  
  81  5:58  Queen  
  82  6:11  Roach  
  82  6:12  Roach x7  
  97  6:25  Zergling x2  
  98  6:26  Overlord x2  
  61  6:55  Roach, Zergling x2  
  61  6:56  Roach x5  
  44  7:08  Zergling x6  
  44  7:09  Zergling x2  
Show
View Real Time Build Order
Export as new Build Order

아르타니스 Protoss - Winner!

Build Orders: 1 Gate Expand, Zealot Archon, Archon Drop 

Get SALT Encoding   

  12  0:00  Probe  
  13  0:14  Probe  
  14  0:19  Pylon  
  14  0:26  Probe (Chrono Boost)  
  15  0:38  Probe (Chrono Boost)  
  16  0:43  Gateway  
  16  0:47  Probe (Chrono Boost)  
  17  0:50  Assimilator  
  17  0:52  Probe  
  18  1:13  Probe  
  19  1:25  Probe  
  20  1:28  Pylon  
  20  1:35  Nexus  
  20  1:47  Cybernetics Core  
  20  1:50  Probe  
  20  1:53  Assimilator  
  21  1:59  Pylon  
  21  2:03  Probe  
  22  2:17  Forge  
  22  2:25  Gateway, Warp Gate  
  22  2:35  Probe, Twilight Council  
  23  2:41  Adept  
  25  2:48  Probe  
  26  2:55  Gateway  
  26  2:58  Probe  
  27  3:04  Probe  
  28  3:12  Photon Cannon  
  28  3:24  Templar Archives  
  28  3:25  Probe (Chrono Boost)  
  28  3:26  Probe (Chrono Boost)  
  31  3:34  Charge (Chrono Boost)  
  31  3:35  Probe x2 (Chrono Boost)  
  31  3:39  Assimilator  
  31  3:40  Probe (Chrono Boost)  
  32  3:42  Probe  
  34  3:52  Probe  
  34  3:54  Probe  
  36  4:01  Gateway  
  36  4:08  Probe  
  37  4:14  Robotics Facility  
  37  4:15  Gateway  
  37  4:21  Gateway  
  37  4:24  Probe  
  37  4:28  Assimilator  
  37  4:29  Pylon  
  38  4:32  Probe, Protoss Ground Weapons Level 1 (Chrono Boost)  
  38  4:36  Probe  
  40  4:44  Probe  
  41  4:48  Probe  
  42  4:56  Probe, Pylon  
  43  5:00  Warp Prism  
  43  5:04  High Templar  
  43  5:05  High Templar  
  49  5:09  Archon  
  49  5:21  Pylon  
  49  5:23  High Templar  
  49  5:24  High Templar  
  53  5:30  Gateway  
  53  5:36  Gateway  
  53  5:37  Archon  
  53  5:44  Observer  
  54  5:53  Zealot x3  
  54  5:54  Zealot  
  44  6:22  Zealot x6  
  54  6:42  Zealot x4  
  56  6:55  Zealot x2  
  58  7:06  Zealot x2  
  60  7:18  Zealot  
  60  7:25  Pylon  
  60  7:26  High Templar  
  60  7:27  Zealot  
Tags
 
Add a new tag
Caveats
  • Supply blocks, unpowered buildings, or Contaminate may cause inaccurate times.
  • Supply counts are checked every 10 seconds.